Map: Blueshift LE

Players

Harstem

  • Race: Protoss Protoss
  • League: Grandmaster
  • Spawn Location: 1:00

liquidthermy (uThermal) - Winner!

  • Race: Terran Terran
  • League: Master
  • Spawn Location: 7:00

Event: DSCL Nationals 2018 - Finals

VOD

Have the link to the VOD?

Description

Time

  • Played on: Dec. 1, 2018, 11:58 a.m.
  • Length: 7:40

All games in this series

Show
View Real Time Build Order
Export as new Build Order

Harstem Protoss 

Build Orders: 1 Gate Expand, Colossus Rush 

Get SALT Encoding   

  12  0:00  Probe  
  13  0:12  Probe  
  14  0:17  Pylon  
  14  0:24  Probe  
  15  0:32  Probe  
  15  0:37  Gateway  
  15  0:40  Probe  
  16  0:48  Assimilator  
  17  0:51  Probe  
  18  1:03  Probe  
  19  1:17  Nexus  
  19  1:20  Probe  
  20  1:29  Cybernetics Core  
  20  1:34  Assimilator  
  20  1:40  Zealot  
  20  1:46  Pylon  
  22  1:48  Warp Gate  
  22  1:49  Probe  
  23  1:58  Adept  
  23  2:04  Probe  
  26  2:17  Probe  
  26  2:29  Probe x2  
  28  2:30  Robotics Facility  
  28  2:39  Stalker  
  28  2:41  Probe  
  28  2:42  Probe  
  32  2:53  Probe  
  32  2:54  Probe  
  34  3:00  Gateway  
  34  3:05  Probe, Gateway  
  35  3:10  Probe  
  35  3:15  Warp Prism  
  35  3:17  Probe  
  35  3:22  Probe  
  35  3:31  Probe  
  37  3:34  Probe  
  37  3:43  Probe  
  37  3:44  Pylon  
  37  3:46  Probe  
  39  3:57  Observer, Stalker  
  39  3:58  Stalker  
  39  4:01  Probe  
  44  4:02  Stalker  
  44  4:03  Probe  
  44  4:07  Pylon  
  44  4:09  Warp Prism  
  48  4:13  Probe  
  52  4:30  Adept x3  
  57  4:33  Probe x2  
  59  4:45  Probe x2  
  60  4:47  Pylon  
  60  4:48  Pylon  
  60  4:49  Observer  
  60  4:50  Robotics Bay  
  62  5:03  Observer  
  62  5:05  Probe x2, Assimilator  
  64  5:07  Forge  
  64  5:09  Assimilator  
  64  5:14  Stalker x2  
  69  5:16  Stalker  
  69  5:20  Pylon  
  71  5:22  Probe  
  72  5:31  Probe  
  72  5:41  Probe, Stalker  
  71  5:43  Stalker  
  71  5:44  Probe  
  71  5:47  Colossus  
  72  5:53  Probe, Pylon, Zealot  
  76  6:02  Pylon  
  81  6:04  Probe  
  81  6:06  Pylon  
  82  6:16  Zealot  
  82  6:17  Twilight Council  
  84  6:20  Pylon  
  84  6:30  Stalker x2  
  84  6:32  Disruptor  
  87  6:49  Zealot  
  87  6:51  Probe  
  87  6:53  Zealot x2  
Show
View Real Time Build Order
Export as new Build Order

liquidthermy Terran - Winner!

Build Orders: Cyclone Opening 

Get SALT Encoding   

  12  0:01  SCV  
  13  0:13  SCV  
  14  0:17  Supply Depot  
  14  0:25  SCV  
  15  0:39  SCV  
  15  0:40  Barracks  
  16  0:45  Refinery  
  16  0:51  SCV  
  16  0:54  Refinery  
  17  1:03  SCV  
  18  1:15  SCV  
  19  1:28  Orbital Command, Reaper  
  20  1:38  Supply Depot  
  20  1:42  Factory  
  20  1:54  SCV  
  21  2:06  SCV  
  22  2:18  SCV  
  23  2:27  Factory Tech Lab  
  23  2:30  SCV  
  23  2:32  Command Center  
  23  2:36  Barracks Reactor  
  24  2:41  Supply Depot  
  24  2:42  SCV  
  25  2:45  Cyclone  
  28  2:54  SCV  
  28  3:00  Starport  
  28  3:06  SCV  
  29  3:18  SCV  
  30  3:22  Marine x2  
  30  3:23  Siege Tank  
  34  3:31  SCV  
  35  3:38  Supply Depot  
  35  3:40  Marine x2, Starport Tech Lab  
  37  3:43  SCV  
  38  3:55  SCV  
  39  3:59  Marine x2, Cloaking Field  
  39  4:00  Banshee  
  44  4:03  Orbital Command  
  44  4:07  SCV  
  45  4:16  Supply Depot  
  45  4:17  Marine x2  
  45  4:19  SCV  
  48  4:24  Siege Tank  
  48  4:30  SCV  
  52  4:31  SCV  
  52  4:35  Marine x2  
  54  4:39  Supply Depot  
  54  4:46  Banshee  
  54  4:50  SCV  
  54  4:51  Bunker  
  58  4:53  Supply Depot, Marine x2  
  60  5:01  SCV  
  60  5:04  Engineering Bay  
  61  5:09  Siege Tank  
  61  5:10  SCV  
  61  5:13  Marine x2  
  67  5:15  SCV  
  68  5:23  SCV  
  68  5:27  SCV  
  70  5:28  Barracks x2  
  70  5:31  Marine  
  70  5:35  Marine, Banshee, SCV  
  73  5:39  SCV  
  75  5:47  SCV  
  76  5:50  Marine, Refinery  
  76  5:51  SCV  
  78  5:58  Refinery  
  78  5:59  SCV  
  78  6:01  Marine  
  78  6:03  SCV  
  81  6:07  Supply Depot  
  81  6:08  Marine  
  81  6:11  SCV  
  83  6:13  Siege Tank  
  83  6:16  Supply Depot  
  86  6:28  Marine, SCV x2  
  89  6:37  Starport Reactor  
  89  6:39  Bunker  
  89  6:40  Bunker, SCV  
  89  6:41  Bunker  
  89  6:45  Siege Tank  
  93  6:49  Bunker  
  93  6:50  Marine  
  93  6:52  Marine  
Tags
 
Add a new tag
Caveats
  • Supply blocks, unpowered buildings, or Contaminate may cause inaccurate times.
  • Supply counts are checked every 10 seconds.